Map: Overgrown Facility

Players

Spartan - Winner!

  • Race: Zerg Zerg
  • League: Diamond
  • Spawn Location: 7:00

NeoPata - Winner!

  • Race: Protoss Protoss
  • League: Bronze
  • Spawn Location: 9:00

Seph

  • Race: Zerg Zerg
  • League: Bronze
  • Spawn Location: 1:00

gujoe

  • Race: Protoss Protoss
  • League: Bronze
  • Spawn Location: 3:00

VOD

Have the link to the VOD?

Description

Time

  • Played on: Feb. 15, 2019, 7:55 p.m.
  • Length: 17:35
Show
View Real Time Build Order
Export as new Build Order

Spartan Zerg - Winner!

Build Orders: Hatch First 

Get SALT Encoding   

  12  0:02  Drone  
  13  0:14  Overlord  
  13  0:23  Drone  
  14  0:33  Drone  
  14  0:34  Drone  
  16  0:52  Hatchery  
  16  0:55  Drone  
  16  1:01  Drone x2  
  18  1:17  Extractor  
  17  1:19  Spawning Pool  
  16  1:31  Drone x2  
  18  1:44  Drone  
  18  1:45  Overlord  
  19  2:07  Queen  
  19  2:08  Queen  
  23  2:22  Zergling x4  
  25  2:28  Drone x3  
  28  2:58  Drone x2  
  28  2:59  Drone  
  28  3:00  Roach Warren  
  30  3:09  Hatchery  
  30  3:10  Lair  
  29  3:35  Overlord x2  
  29  3:36  Overlord  
  29  3:50  Extractor  
  29  3:51  Extractor  
  27  3:57  Drone  
  27  3:58  Drone x7  
  27  4:00  Queen  
  37  4:07  Overlord  
  37  4:19  Roach x2  
  41  4:25  Queen  
  41  4:27  Drone  
  44  4:36  Roach x2  
  48  4:45  Nydus Network  
  47  5:00  Roach x2  
  47  5:01  Roach x2  
  55  5:10  Queen  
  57  5:17  Roach x2  
  61  5:29  Roach x2  
  61  5:30  Overlord  
  65  5:42  Overlord  
  65  5:54  Roach x4  
  73  6:06  Roach x4  
  81  6:24  Glial Reconstitution  
  80  6:35  Roach x2  
  75  6:47  Roach  
  75  6:48  Roach x3  
  75  6:51  Overlord  
  79  7:02  Overlord  
  79  7:17  Evolution Chamber x2  
  79  7:19  Roach x5  
  87  7:26  Roach  
  87  7:27  Roach  
  89  7:39  Roach x3  
  95  8:01  Roach  
  95  8:02  Overlord x2  
  97  8:12  Nydus Canal  
  97  8:16  Zerg Missile Weapons Level 1  
  97  8:18  Overlord x2  
  97  8:41  Roach x3  
  97  8:42  Roach x2  
  105  8:59  Spore Crawler  
  105  9:01  Hydralisk Den  
  105  9:02  Spore Crawler  
  102  9:03  Spore Crawler  
  102  9:08  Drone x3  
  104  9:28  Drone x2  
  104  9:29  Drone x3  
  109  9:38  Nydus Canal  
  109  10:01  Hydralisk x4  
  109  10:02  Hydralisk x3  
  115  10:15  Overlord x2  
  115  10:20  Spore Crawler  
  114  10:25  Extractor  
  114  10:27  Drone x4  
  117  10:30  Grooved Spines  
  117  10:33  Drone x2  
  119  10:48  Hydralisk x3  
  119  10:49  Hydralisk  
  127  10:59  Drone x3  
  127  11:00  Drone  
  127  11:02  Drone  
  127  11:03  Drone x2  
  134  11:08  Zerg Missile Weapons Level 2  
  132  11:25  Hydralisk x2  
  132  11:26  Hydralisk  
  136  11:36  Hydralisk  
  138  11:43  Overlord x5  
  138  11:51  Overlord x2  
  138  12:04  Muscular Augments  
  138  12:06  Zerg Ground Armor Level 1  
  138  12:12  Overlord x2  
  130  12:24  Hydralisk x5  
  131  12:44  Hydralisk x2  
  131  12:45  Hydralisk x3  
  141  13:04  Drone  
  141  13:05  Drone x5  
  147  13:16  Hydralisk x4  
  147  13:17  Hydralisk x2  
  159  13:46  Hydralisk x3  
  159  13:47  Hydralisk x4  
  173  13:51  Drone x3  
  164  14:11  Spore Crawler  
  164  14:12  Spore Crawler  
  164  14:16  Spore Crawler  
  161  14:17  Spore Crawler  
  161  14:18  Spore Crawler  
  161  14:23  Spore Crawler  
  149  14:24  Spore Crawler x2  
  149  14:26  Spore Crawler  
  149  14:27  Spore Crawler x2  
  149  14:28  Spore Crawler  
  114  15:32  Overlord x3  
  114  16:06  Overlord x3  
  114  16:40  Hatchery  
  114  16:42  Evolution Chamber  
  114  16:45  Spawning Pool  
Show
View Real Time Build Order
Export as new Build Order

NeoPata Protoss - Winner!

Build Orders:  

Get SALT Encoding   

  12  0:07  Probe  
  13  0:27  Pylon  
  13  0:54  Gateway  
  13  1:44  Cybernetics Core  
  13  1:55  Zealot  
  13  1:56  Pylon  
  13  2:00  Probe, Pylon  
  16  2:03  Assimilator  
  16  2:13  Probe  
  17  2:42  Probe  
  17  2:50  Probe, Assimilator  
  19  2:58  Probe  
  20  3:07  Zealot  
  20  3:08  Warp Gate  
  20  3:09  Probe  
  23  3:17  Probe  
  23  3:25  Probe  
  23  3:26  Pylon  
  24  3:33  Pylon  
  25  3:37  Probe  
  26  3:47  Robotics Facility  
  26  4:20  Nexus  
  26  4:23  Pylon  
  26  4:26  Immortal  
  26  4:30  Pylon  
  30  4:56  Immortal  
  34  5:16  Robotics Facility  
  34  5:28  Twilight Council, Probe  
  34  5:31  Stargate  
  34  5:34  Warp Prism  
  37  5:36  Probe  
  38  5:46  Probe  
  35  5:58  Probe  
  36  6:09  Immortal  
  36  6:10  Probe  
  41  6:29  Pylon  
  26  7:35  Immortal  
  30  7:39  Probe  
  31  7:51  Probe  
  32  8:03  Probe  
  33  8:10  Pylon  
  33  8:13  Zealot  
  33  8:15  Probe  
  36  8:27  Probe  
  36  8:29  Probe  
  38  8:35  Void Ray  
  38  8:37  Probe  
  42  8:47  Probe  
  42  8:48  Forge  
  44  9:11  Pylon  
  44  9:15  Templar Archives  
  44  9:39  Gateway  
  44  9:40  Gateway  
  44  9:42  Gateway  
  44  9:43  Gateway  
  44  9:50  Gateway  
  44  9:53  Gateway  
  44  9:57  Gateway  
  44  10:33  Probe  
  45  10:36  Assimilator  
  45  10:45  Probe  
  45  10:49  Nexus  
  46  10:57  Probe  
  47  11:09  High Templar x3  
  47  11:10  High Templar x2  
  55  11:32  Archon x2  
  47  11:46  High Templar  
  38  12:04  Probe  
  39  12:16  Probe  
  39  12:18  Archon  
  40  12:28  Probe  
  41  12:40  Probe  
  16  14:25  Immortal x2  
  16  14:27  Pylon  
  24  14:53  Nexus  
  24  14:57  Immortal x2  
  32  16:15  Zealot x2  
Show
View Real Time Build Order
Export as new Build Order

Seph Zerg 

Build Orders: Pool First 

Get SALT Encoding   

  12  0:20  Spawning Pool  
  11  0:23  Drone  
  12  0:34  Drone x2  
  14  0:41  Overlord  
  14  1:07  Queen  
  14  1:10  Drone x3  
  19  1:19  Extractor  
  19  1:22  Drone  
  19  1:51  Drone x2  
  21  1:57  Zergling x2  
  22  2:09  Overlord, Hatchery  
  21  2:24  Zergling x2  
  21  2:28  Zergling x4  
  21  2:29  Zergling x2  
  25  2:38  Zergling x2  
  25  2:40  Metabolic Boost  
  26  2:54  Evolution Chamber  
  26  2:57  Extractor, Drone  
  25  3:01  Zergling x2  
  25  3:04  Drone x3  
  29  3:14  Lair  
  29  3:37  Drone x2  
  29  3:41  Zergling x6  
  34  3:47  Zerg Melee Weapons Level 1  
  34  4:02  Zergling x4  
  36  4:06  Overlord  
  36  4:07  Overlord x4  
  36  4:40  Zergling x4  
  36  4:41  Zergling x2  
  37  5:09  Spire, Drone x3  
  37  5:11  Queen  
  41  5:18  Zergling x12  
  28  6:43  Mutalisk x6  
  28  6:44  Mutalisk x2  
  44  7:06  Drone x4  
  48  7:17  Extractor  
  47  7:23  Extractor  
  46  7:30  Zerg Flyer Weapons Level 1  
  46  7:35  Mutalisk  
  46  7:36  Mutalisk  
  50  7:46  Drone x3  
  50  7:50  Drone x3  
  56  7:54  Drone x5  
  56  7:55  Drone  
  62  8:07  Overlord x3  
  62  8:34  Hatchery  
  62  8:40  Mutalisk x3  
  62  8:41  Mutalisk x2  
  69  9:33  Overlord x3  
  69  9:34  Extractor x2, Overlord x5  
  67  9:43  Zerg Flyer Weapons Level 2  
  67  9:44  Spire  
  66  9:55  Infestation Pit  
  65  10:25  Mutalisk  
  65  10:26  Mutalisk x5  
  77  10:39  Hive  
  77  10:41  Queen  
  80  10:42  Drone  
  80  10:43  Drone x2  
  82  11:10  Mutalisk x3  
  88  11:41  Mutalisk x3  
  88  12:10  Mutalisk x3  
  84  12:51  Mutalisk x2  
  84  12:52  Mutalisk x2  
  92  13:25  Mutalisk x4  
  100  13:45  Mutalisk x2  
  81  14:30  Mutalisk  
  81  14:31  Mutalisk x3  
Show
View Real Time Build Order
Export as new Build Order

gujoe Protoss 

Build Orders:  

Get SALT Encoding   

  12  0:02  Probe  
  13  0:14  Probe  
  14  0:30  Probe  
  15  0:36  Pylon  
  15  0:54  Probe  
  16  0:58  Gateway  
  16  1:06  Probe  
  16  1:10  Assimilator  
  17  1:16  Forge  
  17  1:18  Probe  
  17  1:35  Probe  
  18  1:43  Gateway  
  18  1:47  Cybernetics Core  
  18  1:51  Probe  
  19  2:03  Probe  
  19  2:04  Warp Gate  
  20  2:15  Probe  
  21  2:18  Pylon  
  21  2:27  Probe  
  21  2:28  Stalker  
  24  2:47  Probe  
  25  3:00  Probe  
  26  3:12  Twilight Council, Probe  
  27  3:29  Gateway  
  27  3:32  Gateway  
  27  3:38  Charge  
  27  3:39  Gateway  
  27  3:40  Gateway  
  27  3:42  Gateway  
  27  4:16  Nexus  
  27  4:36  Pylon  
  27  5:01  Pylon  
  27  5:22  Pylon  
  27  5:23  Pylon  
  27  5:24  Pylon  
  27  5:26  Pylon  
  27  5:29  Zealot, Pylon  
  27  5:30  Zealot x6  
  41  5:44  Protoss Ground Weapons Level 1  
  41  6:01  Zealot  
  41  6:02  Zealot x6  
  55  6:25  Zealot  
  55  6:26  Zealot x5  
  55  6:27  Zealot  
  43  7:03  Zealot x3  
  43  7:04  Zealot x4  
  27  7:34  Probe  
  26  7:42  Probe  
  28  7:51  Probe  
  28  7:52  Zealot x3  
  28  7:53  Zealot  
  37  8:03  Probe  
  38  8:13  Zealot x2  
  38  8:16  Probe  
  38  8:40  Zealot x2  
  38  8:41  Zealot x3  
  39  8:59  Probe  
  40  9:07  Probe  
  40  9:16  Probe  
  42  9:24  Zealot x2  
  42  9:28  Probe  
  47  9:32  Sentry x3  
  47  9:37  Sentry  
  55  9:40  Probe  
  56  9:46  Sentry x2  
  59  10:01  Sentry x3  
  55  10:26  Zealot x2  
  55  10:27  Zealot x2  
  18  12:03  Zealot x5  
  18  12:04  Zealot x2  
  32  12:26  Zealot x6  
  32  12:27  Zealot  
  46  12:49  Zealot x3  
  46  12:50  Zealot x3  
  58  13:12  Zealot x3  
  48  14:09  Zealot x7  
  50  15:07  Zealot x4  
  50  15:08  Zealot  
  18  16:55  Nexus  
Tags
 
Add a new tag
Caveats
  • Supply blocks, unpowered buildings, or Contaminate may cause inaccurate times.
  • Supply counts are checked every 10 seconds.